 Dungeon Crawl Stone Soup version 0.28-a0-695-gff097466f2 (webtiles) character file.

Game seed: 14520804263215182531

6150 Conn the Covert (level 10, -3/51 (63) HPs)
             Began as an Octopode Fire Elementalist on Oct 22, 2021.
             Was a Follower of Sif Muna.
             Shot with an arrow by a centaur (9 damage)
             ... on level 8 of the Dungeon.
             The game lasted 00:27:10 (12113 turns).

Conn the Covert (Octopode Fire Elementalist)       Turns: 12113, Time: 00:27:11

HP:   -3/51 (63)    AC:  1    Str:  7    XL:     10   Next: 90%
MP:   16/20         EV: 14    Int: 20    God:    Sif Muna [*.....]
Gold: 231           SH:  0    Dex: 16    Spells: 2/23 levels left

rFire   . . .      SeeInvis .   a - +9 trident of the Secret Friars {freeze, rElec}
rCold   . . .      Faith    .   (no shield)
rNeg    . . .      Spirit   .   (helmet restricted)
rPois   .          Reflect  .   (no amulet)
rElec   +          Harm     .   y - ring of wizardry
rCorr   .          Rampage  .   (no ring)
Will    .....                   (no ring)
Stlth   ++++++....              (no ring)
HPRegen 0.17/turn               (no ring)
MPRegen 0.17/turn               (no ring)
                                (no ring)
                                (no ring)

@: studying Throwing, heavily drained
A: almost no armour, amphibious, 8 rings, camouflage 1, gelatinous body 1,
(nimble swimmer 1), tentacles, agile 1
a: Renounce Religion, Channel Magic


You were on level 8 of the Dungeon.
You worshipped Sif Muna.
Sif Muna was aware of your devotion.
You visited 2 branches of the dungeon, and saw 9 of its levels.
You also visited: Sewer and Ossuary.

You collected 361 gold pieces.
You spent 130 gold pieces at shops.

Inventory:

Hand Weapons
 a - the +9 trident of the Secret Friars (weapon) {freeze, rElec}
   (You found it on level 5 of the Dungeon)

   It freezes those it strikes, dealing additional cold damage.
   It can also slow down cold-blooded creatures.
   rElec:     It insulates you from electricity.
 s - a +0 short sword
 t - a +3 rapier of venom
 v - a +3 short sword of protection
Missiles
 q - 19 poisoned darts
Magical Staves
 b - a staff of conjuration
Jewellery
 y - a ring of wizardry (left tentacle)
Wands
 l - a wand of iceblast (13)
Scrolls
 d - 8 scrolls of teleportation
 e - 2 scrolls of fog
 g - a scroll of blinking
 i - 3 scrolls of identify
 k - 3 scrolls of noise
 n - 2 scrolls of enchant armour
 w - a scroll of brand weapon {unknown}
Potions
 c - 9 potions of curing
 f - a potion of mutation
 h - 4 potions of ambrosia
 j - 2 potions of resistance
 m - 3 potions of flight
 o - 2 potions of heal wounds
 p - 2 potions of lignification
 r - 4 potions of attraction
 u - a potion of magic
 x - 2 potions of haste
 z - a potion of degeneration {unknown}


   Skills:
 + Level 3.5 Fighting
 + Level 3.2 Short Blades
 + Level 3.7(3.8) Polearms
 + Level 0.7(2.4) Staves
 + Level 3.9 Dodging
 + Level 10.7 Stealth
 + Level 7.0 Spellcasting
 + Level 6.2 Conjurations
 + Level 2.0 Hexes
 + Level 7.8 Fire Magic
 + Level 0.2 Evocations


You had 2 spell levels left.
You knew the following spells:

 Your Spells              Type           Power      Damage    Failure   Level
a - Foxfire               Conj/Fire      100%       2x1d9     1%          1
b - Conjure Flame         Conj/Fire      35%        6-21      1%          3
c - Inner Flame           Hex/Fire       26%        N/A       1%          3
d - Flame Wave            Conj/Fire      35%        3d8       2%          4
e - Scorch                Fire           76%        2d8       1%          2
f - Fireball              Conj/Fire      17%        3d9       6%          5
g - Swiftness             Air            7%         N/A       12%         3

Your spell library contained the following spells:

 Spells                   Type           Power      Damage    Failure   Level
 Passwall                 Tmut/Erth      5%         N/A       6%          2
 Starburst                Conj/Fire      17%        6d6       32%         6
 Petrify                  Tmut/Erth      7%         N/A       34%         4
 Borgnjor's Vile Clutch   Necr/Erth      3%         N/A       67%         5
 Invisibility             Hex            7%         N/A       91%         6
 Ignition                 Fire           19%        3d7       100%        8
 Shatter                  Erth           3%         3d7*      100%        9


Dungeon Overview and Level Annotations

Branches:
Dungeon (8/15)             Temple (1/1) D:6           Sewer (visited)
Ossuary (visited)
   Lair: D:8-11

Altars:
Ashenzari
Elyvilon
Makhleb
Nemelex Xobeh
Ru
Sif Muna
Trog
Vehumet
Xom
Zin

Shops:
D:1 (?(?   D:4 *

Annotations:
D:5 2 transporters, fly's ghost, weakling FoDe


Innate Abilities, Weirdness & Mutations

You cannot wear most types of armour.
You are amphibious.
You can wear up to eight rings at the same time.
Your skin changes colour to match your surroundings (Stealth+).
Your rubbery body absorbs attacks. (AC +1, EV +1)
((You are camouflaged near water. (Stealth+)))
You have tentacles for arms and can constrict up to eight enemies at once.
You are agile. (Dex +2)


Message History

d - 8 scrolls of teleportation (gained 1)
y - a ring of wizardry
y - a ring of wizardry (left tentacle)
A steam dragon comes into view.
Casting: Flame Wave (dangerous; 2% risk of failure)
Confirm with . or Enter, or press ? or * to list all spells.
Okay, then.
You reach to attack!
The helpless steam dragon fails to defend itself.
You puncture the steam dragon! You freeze the steam dragon.
The steam dragon is heavily wounded.
You barely miss the steam dragon.
The steam dragon is heavily wounded.
The steam dragon misses you. The steam dragon closely misses you.
You hit the steam dragon. You freeze the steam dragon.
The steam dragon is severely wounded.
The steam dragon closely misses you. The steam dragon claws you.
You barely miss the steam dragon.
The steam dragon is severely wounded.
The steam dragon bites you! The steam dragon claws you.
You barely miss the steam dragon.
The steam dragon is severely wounded.
The steam dragon bites you! The steam dragon barely misses you.
The steam dragon breathes steam at you. The ball of steam hits you!
You hear a shout!
Casting: Flame Wave (dangerous; 2% risk of failure)
Confirm with . or Enter, or press ? or * to list all spells.
Casting: Flame Wave (dangerous; 2% risk of failure)
Press: ? - help, Dir - look around, f - activate A wave of flame ripples out!
The flame wave engulfs the steam dragon!
The steam dragon is almost dead. (Press . to intensify the flame waves.)
You are engulfed in a cloud of scalding steam.
* * * LOW HITPOINT WARNING * * *
A centaur comes into view.
The steam dragon barely misses you. x2; The centaur wields a +0 shortbow.
The centaur shoots an arrow.
The arrow hits you!
You die...

##...## ###.....# ##
####....... #.###
#.........##....
#....#....#...#
#....#.......#
#...###.§§§§.##
##....#..§§@D..#
#.......###§§......
####...###............
###..##.........##...###
#.....#...##..#.# ..##
##........####### ....
#.........##..# ....
#.........#.... ..c.
....#..#....#


You could see a steam dragon (catching breath) and a centaur.

Vanquished Creatures
  A hydra (D:7)
  A kobold demonologist (D:7)
  Prince Ribbit (D:6)
  Sigmund (D:5)
  A shadow (D:7)
  4 yaks (D:5)
  A steam dragon (D:7)
  Eustachio (D:5)
  Menkaure (D:6)
  A water moccasin (D:7)
  3 sky beasts
  2 orc warriors
  A hornet zombie (Ossuary)
  An ice beast (D:7)
  4 ogres
  A centaur (D:7)
  An elf zombie (D:7)
  A kobold brigand (Sewer)
  2 bullfrogs (D:7)
  3 wyvern zombies
  2 elf skeletons (D:7)
  A scorpion (D:4)
  5 water moccasin zombies (Ossuary)
  3 killer bees (D:7)
  5 wights
  A howler monkey (D:6)
  3 bullfrog zombies (Ossuary)
  2 centaur zombies (Ossuary)
  A centaur skeleton (D:7)
  3 orc priests
  4 hounds
  A human zombie (D:7)
  2 gnoll shamans (D:6)
  5 iguanas
  A bullfrog skeleton (D:6)
  14 mummies (Ossuary)
  2 orc wizards
  2 killer bee zombies (Ossuary)
  10 gnolls
  A howler monkey skeleton (D:5)
  10 adders
  3 river rats (D:5)
  A white imp (D:4)
  4 worms
  2 dart slugs
  21 orcs
  13 ball pythons
  6 bats
  6 endoplasms
  8 goblins
  6 hobgoblins
  2 jackals (Sewer)
  4 quokkas
  A frilled lizard (D:2)
  14 kobolds
  An orc skeleton (D:7)
  An orc zombie (D:7)
  16 rats
219 creatures vanquished.

Vanquished Creatures (collateral kills)
  11 foxfires (Ossuary)
11 creatures vanquished.

Vanquished Creatures (others)
  532 foxfires
  8 withered plants (Ossuary)
540 creatures vanquished.

Grand Total: 770 creatures vanquished

Notes
Turn   | Place    | Note
-------+----------+-------------------------------------------
     0 | D:1      | Conn the Octopode Fire Elementalist began the quest for the
                  | Orb.
     0 | D:1      | Reached XP level 1. HP: 11/11 MP: 3/3
     3 | D:1      | Found Caunyusa's Magic Scroll Shoppe.
   102 | D:1      | Found Kawyle's Antique Weapon Boutique.
   297 | D:1      | Reached XP level 2. HP: 17/17 MP: 5/5
   302 | D:1      | Found Ohifyt Qaloe's Weapon Emporium.
   348 | D:1      | Found Kaolir's Magic Scroll Shop.
   941 | D:2      | Reached XP level 3. HP: 15/21 MP: 2/6
  1115 | D:2      | Reached skill level 3 in Stealth
  1272 | D:1      | Bought a scroll of blinking for 75 gold pieces
  1841 | D:3      | Reached XP level 4. HP: 20/27 MP: 5/7
  2598 | D:3      | Got Sif Muna's Tome of Earth
  3075 | D:3      | Reached skill level 4 in Stealth
  3075 | D:3      | Reached XP level 5. HP: 9/31 MP: 5/8
  3494 | D:4      | Reached skill level 1 in Short Blades
  3860 | D:4      | Found Zeegonit's General Store.
  3866 | D:4      | Bought a potion of heal wounds for 55 gold pieces
  3902 | D:4      | Noticed an ogre
  3912 | D:4      | Learned a level 3 spell: Conjure Flame
  3916 | D:4      | Learned a level 3 spell: Inner Flame
  3919 | D:4      | Learned a level 2 spell: Scorch
  3934 | D:4      | Killed an ogre
  3935 | D:4      | Reached skill level 5 in Stealth
  3935 | D:4      | Reached XP level 6. HP: 37/37 MP: 2/10
  4538 | D:5      | Entered Level 5 of the Dungeon
  4538 | D:5      | Noticed a yak
  4538 | D:5      | Noticed a yak
  4539 | D:5      | Noticed a yak
  4539 | D:5      | Noticed a yak
  4567 | D:5      | Killed a yak
  4568 | D:5      | Reached XP level 7. HP: 42/42 MP: 0/12
  4615 | D:5      | Noticed Eustachio
  4625 | D:5      | Identified the +9 trident of the Secret Friars {freeze,
                  | rElec}
  4655 | D:5      | Killed a yak
  4656 | D:5      | Reached skill level 1 in Fighting
  4656 | D:5      | Reached skill level 6 in Stealth
  4656 | D:5      | Killed a yak
  4657 | D:5      | Reached skill level 5 in Fire Magic
  4746 | D:5      | Reached XP level 8. HP: 37/48 MP: 4/14
  4756 | D:5      | Killed Eustachio
  4757 | D:5      | Reached skill level 1 in Hexes
  4923 | D:5      | Reached skill level 1 in Polearms
  4951 | D:5      | Found a glowing drain.
  4959 | Sewer    | Entered a sewer
  5068 | Sewer    | Reached skill level 7 in Stealth
  5156 | Sewer    | Found a white marble altar of Elyvilon.
  5463 | D:5      | Found a transporter.
  5463 | D:5      | Noticed fly's ghost (weakling FoDe)
  6030 | D:5      | Killed a yak
  6031 | D:5      | Reached skill level 5 in Spellcasting
  6035 | D:5      | Reached XP level 9. HP: 54/54 MP: 3/16
  6390 | D:5      | Learned a level 4 spell: Flame Wave
  6469 | D:5      | Noticed Sigmund
  6473 | D:5      | Killed Sigmund
  6879 | D:5      | Found a burning altar of Makhleb.
  6921 | D:5      | Found a transporter.
  7417 | D:6      | Noticed Prince Ribbit
  7423 | D:6      | Killed Prince Ribbit
  7424 | D:6      | Reached skill level 5 in Conjurations
  7694 | D:6      | Reached skill level 8 in Stealth
  7757 | D:6      | Noticed a cyclops
  7758 | D:6      | Noticed a two-headed ogre
  7857 | D:6      | Noticed Menkaure
  7865 | D:6      | Killed Menkaure
  8239 | D:6      | Found a staircase to the Ecumenical Temple.
  8245 | Temple   | Entered the Ecumenical Temple
  8264 | Temple   | Became a worshipper of Sif Muna the Loreminder
  8436 | D:7      | Found a sand-covered staircase.
  8445 | Ossuary  | Entered an ossuary
  8736 | Ossuary  | Reached skill level 9 in Stealth
  8934 | Ossuary  | Reached * piety under Sif Muna
  8952 | Ossuary  | Reached XP level 10. HP: 59/61 MP: 7/19
  9179 | Ossuary  | Gained mutation: You have a pair of small antennae on your
                  | head. [potion of mutation]
  9179 | Ossuary  | Lost mutation: You have a pair of small antennae on your
                  | head. [potion of mutation]
  9179 | Ossuary  | Gained mutation: You are agile. (Dex +2) [potion of
                  | mutation]
  9729 | D:7      | Noticed a kobold demonologist
  9735 | D:7      | Noticed a rust devil
  9735 | D:7      | Killed a kobold demonologist
  9741 | D:7      | Noticed a four-headed hydra
  9853 | D:7      | Killed a four-headed hydra
  9854 | D:7      | Reached skill level 10 in Stealth
 11150 | D:7      | Learned a level 5 spell: Fireball
 11154 | D:7      | Learned a level 3 spell: Swiftness
 11811 | D:8      | Reached ** piety under Sif Muna
 12113 | D:8      | Shot with an arrow by a centaur

Illustrated notes

Levels and vault maps discovered:
D:1:      minmay_arrival_checkered_box, layout_basic, serial_shops,
          nicolae_shop_stone, shop, nicolae_shop_trees, nicolae_diamond_shop,
          chequers_garden
D:2:      kennysheep_big_flooded_room, layout_loops_cross
D:3:      layout_loops_corners
D:4:      layout_loops_ring, serial_shops, shop
D:5:      layout_layer_cave, lightli_temple_of_fire, lightli_sewer_entry_pipes,
          gammafunk_ghost_mausoleum, nrook_mini_vaults,
          minmay_misc_feat_hallway, uniq_eustachio, uniq_sigmund
D:6:      layout_basic, minmay_temple_entry_fiery, lightli_corner_chamber,
          uniq_menkaure, uniq_prince_ribbit1
D:7:      layout_loops_ring, nicolae_ossuary_entry_catacombs, minmay_manual_maat
D:8:      layout_cave_pools
Temple:   nicolae_temple_the_god_donut

Skill      XL: |  1  2  3  4  5  6  7  8  9 10 |
---------------+-------------------------------+-----
Stealth        | 3 4 5 6 7 9 10 | 10.7
Short Blades   | 1 2 3 |  3.2
Conjurations   | 2 3 4 5 6 |  6.2
Fire Magic     | 4 5 6 7 |  7.8
Spellcasting   | 3 4 5 6 7 |  7.0
Fighting       | 1 2 3 |  3.5
Hexes          | 1 2 |  2.0
Polearms       | 2 3 |  3.7
Dodging        | 3 |  3.9
Staves         | |  0.7
Evocations     | |  0.2

Action                   |  1- 3 |  4- 6 |  7- 9 | 10-12 || total
-------------------------+-------+-------+-------+-------++-------
Melee: Short sword       |    24 |    37 |    37 |    22 ||   120
       Constrict         |     5 |     7 |    21 |     9 ||    42
       Tentacles         |     3 |     2 |    13 |     9 ||    27
       Trident           |       |       |    54 |    43 ||    97
       Staff             |       |       |     9 |       ||     9
 Cast: Foxfire           |    47 |    59 |   181 |    42 ||   329
       Conjure Flame     |       |     2 |     2 |     2 ||     6
       Inner Flame       |       |     2 |     5 |     5 ||    12
       Flame Wave        |       |       |     2 |    17 ||    19
Evoke: Wand              |       |       |       |     3 ||     3
  Use: Potion            |       |     1 |       |     3 ||     4
       Scroll            |       |       |    11 |     2 ||    13
 Stab: Sleeping          |    10 |     7 |    12 |     8 ||    37
       Distracted        |       |       |     1 |     2 ||     3
Armor: Skin              |     2 |     4 |     7 |    10 ||    23
Dodge: Dodged            |    14 |    20 |    45 |    64 ||   143

Table legend: (Time is in decaauts)
 A = Elapsed time spent in this place.
 B = Non-inter-level travel time spent in this place.
 C = Inter-level travel time spent in this place.
 D = Time resting spent in this place.
 E = Time spent auto-exploring this place.
 F = Levels seen in this place.
 G = Mean time per level.
                   A        B        C        D        E       F      G
               +--------+--------+--------+--------+--------+-----+--------+
         Total |  12124 |  11765 |    359 |   1124 |   8038 |  11 | 1102.2 |
       Dungeon |  10778 |  10431 |    347 |   1124 |   7053 |   8 | 1347.2 |
        Temple |     31 |     19 |     12 |      0 |      4 |   1 |   31.0 |
         Sewer |    236 |    236 |      0 |      0 |    145 |   1 |  236.0 |
       Ossuary |   1077 |   1077 |      0 |      0 |    836 |   1 | 1077.0 |
               +--------+--------+--------+--------+--------+-----+--------+

Top non-repeatable levels by time:
     D:5: 2026 daAuts
     D:7: 1975 daAuts
     D:6: 1685 daAuts
     D:3: 1594 daAuts
     D:4: 1500 daAuts
 Ossuary: 1077 daAuts
     D:2: 960 daAuts
     D:1: 877 daAuts
   Sewer: 236 daAuts
     D:8: 157 daAuts
  Temple: 31 daAuts
